 Dungeon Crawl Stone Soup version 0.24.0-37-gcf1ca852f1 (console) character file.

Game seed: 15509952005436848494, levelgen mode: deterministic

137 AlterAsc the Ruffian (level 5, 0/41 HPs)
             Began as a Draconian Transmuter on Nov 23, 2019.
             Killed by divine providence
             ... invoked by an orc priest
              (11 damage)
             ... on level 4 of the Dungeon.
             The game lasted 00:05:37 (2455 turns).

AlterAsc the Ruffian (Draconian Transmuter)         Turns: 2455, Time: 00:05:38

Health: 0/41       AC: 11    Str: 14    XL:     5   Next: 0%
Magic:  8/8        EV: 16    Int: 13    God:
Gold:   114        SH:  0    Dex: 11    Spells: 6/9 levels left

rFire    . . .     SeeInvis .     - Unarmed
rCold    . . .     Gourm    .   (no shield)
rNeg     . . .     Faith    .   (armour unavailable)
rPois    .         Spirit   .   g - +0 hat
rElec    .         Reflect  .   (no cloak)
rCorr    .         Harm     .   (no gloves)
MR       .....                  n - +0 pair of boots
Stlth    +.........             (no amulet)
HPRegen  0.13/turn              p - +4 ring of evasion
MPRegen  0.11/turn              t - +5 ring of protection

@: appendage (expiring)
A: unfitting armour, horns 2, cold-blooded, AC +5
a: End Transformation


You were on level 4 of the Dungeon.
You were not hungry.
You had grown temporary horns.
You visited 1 branch of the dungeon, and saw 4 of its levels.

You collected 114 gold pieces.

Inventory:

Missiles
 a - 38 arrows
 b - 5 javelins
 q - 3 poisoned darts (quivered)
Armour
 g - a +0 hat (worn)
 n - a +0 pair of boots (worn)
Jewellery
 p - a +4 ring of evasion (left hand)
 t - a +5 ring of protection (right hand)
Wands
 v - a wand of random effects (17)
Scrolls
 d - 2 scrolls of enchant armour {unknown}
 e - 3 scrolls of fog {unknown}
 f - 6 scrolls of identify {unknown}
 h - a scroll of random uselessness {unknown}
 k - 2 scrolls of magic mapping {unknown}
 l - 2 scrolls of teleportation {unknown}
 u - a scroll of remove curse {unknown}
Potions
 i - a potion of heal wounds {unknown}
 j - a potion of might {unknown}
 m - a potion of degeneration {unknown}
 o - 2 potions of lignification {unknown}
 r - a potion of curing {unknown}
 s - a potion of invisibility {unknown}
 w - a potion of ambrosia {unknown}
Comestibles
 c - 7 rations


   Skills:
 - Level 2.0 Fighting
 - Level 1.7 Dodging
 * Level 4.2 Unarmed Combat
 + Level 2.6 Spellcasting
 * Level 3.4 Transmutations


You had 6 spell levels left.
You knew the following spells:

 Your Spells              Type           Power        Failure   Level  Hunger
a - Beastly Appendage     Tmut           ##....       6%          1    #......
b - Sticks to Snakes      Tmut           ##......     9%          2    ###....

Your spell library contained the following spells:

 Spells                   Type           Power        Failure   Level  Hunger
 Spider Form              Tmut/Pois      #.........   34%         3    ###....
 Ice Form                 Ice/Tmut       #.......     75%         4    #####..
 Blade Hands              Tmut           ##........   86%         5    ######.


Dungeon Overview and Level Annotations

Branches:
Dungeon (4/15)
 Temple: D:4-7

Altars:


Innate Abilities, Weirdness & Mutations

Your plain brown scales are hard. (AC +5)
You cannot fit into any form of body armour.
You are cold-blooded and may be slowed by cold attacks.
You have a pair of horns on your head.


Message History

The orc priest is severely wounded.
The orc priest invokes the aid of Beogh against you.
Pain shoots through your body!
* * * LOW HITPOINT WARNING * * *
You barely miss the orc priest. You headbutt the orc priest.
You kill the orc priest!
You have reached level 5!
The orc priest hits you but does no damage.
You hit the orc priest.
The orc priest is moderately wounded.
The orc priest mumbles some strange prayers to Beogh against you.
Pain shoots through your body!
* * * LOW HITPOINT WARNING * * *
You barely miss the orc priest.
You tail-slap the orc priest, but do no damage.
The orc priest is moderately wounded.
Your transformation is almost over.
The orc priest calls down the wrath of Beogh upon you.
Beogh smites you!
You die...

#....##........
#.#..###.####..
#.#..# .# .
#.#..###.###
#.#........(
#..#.##.....
..####...># ....
........)########
........@o.(...#
#=..#....#####o#
....#.#### #. #.
.. .. ...


You could see an orc priest and an orc wizard.

Vanquished Creatures
  An orc priest (D:4)
  A worker ant (D:3)
  3 adders
  A dart slug (D:1)
  2 leopard geckos
  2 orcs
  2 ball pythons
  4 giant cockroaches
  6 goblins
  6 hobgoblins
  2 jackals (D:2)
  6 bats
  A frilled lizard (D:2)
  11 kobolds
  6 rats
54 creatures vanquished.

Notes
Turn   | Place    | Note
-------+----------+-------------------------------------------
     0 | D:1      | AlterAsc the Draconian Transmuter began the quest for the
                  | Orb.
     0 | D:1      | Reached XP level 1. HP: 16/16 MP: 3/3
    81 | D:1      | Reached XP level 2. HP: 7/23 MP: 3/5
   748 | D:1      | Reached XP level 3. HP: 28/28 MP: 6/6
   807 | D:2      | Learned a level 2 spell: Sticks to Snakes
  1752 | D:3      | Reached XP level 4. HP: 36/36 MP: 5/7
  1771 | D:3      | Found a faded altar of an unknown god.
  1996 | D:3      | Reached skill level 4 in Unarmed Combat
  2453 | D:4      | Reached XP level 5. HP: 12/41 MP: 8/8
  2455 | D:4      | Killed from afar by an orc priest

Levels and vault maps discovered:
D:1:      scummos_arrival_gate, layout_rooms
D:2:      layout_loops_ring, first_ration
D:3:      layout_basic, chequers_ecumenical_altar_island
D:4:      corexii_shack_village, layout_basic

Skill      XL: |  1  2  3  4 |
---------------+-------------+-----
Fighting       | 2 |  2.0
Transmutations | 3 |  3.4
Unarmed Combat | 4 |  4.2
Dodging        | |  1.7
Spellcasting   | |  2.6

Action                   |  1- 3 |  4- 6 || total
-------------------------+-------+-------++-------
Melee: Unarmed           |   129 |    50 ||   179
       Kick              |     8 |       ||     8
       Tailslap          |     7 |     7 ||    14
       Headbutt          |     6 |     4 ||    10
       Punch             |     1 |     1 ||     2
Throw: Javelin           |    14 |       ||    14
       Dart              |       |     7 ||     7
 Cast: Beastly Appendage |    17 |     5 ||    22
  Eat: Chunk             |     3 |     2 ||     5
Armor: Skin              |    50 |    16 ||    66
Dodge: Dodged            |   107 |    33 ||   140
